 Seeded DCSS version 0.29.1-13-g9f3cf754e1 (webtiles) character file.

Game seed: 18334199546629406935 (custom seed)

4750 mathmaestro the Merchant of Misery (level 10, -3/71 (81) HPs)
             Began as a Demonspawn Necromancer on Jan 24, 2023.
             Was a Believer of Kikubaaqudgha.
             Slain by a troll (11 damage)
             ... on level 9 of the Dungeon on Jan 25, 2023.
             The game lasted 00:35:47 (10136 turns).

mathmaestro the Merchant of Misery (DsNe)          Turns: 10136, Time: 00:35:47

HP:   -3/71 (81)    AC:  8    Str: 15    XL:     10   Next: 23%
MP:   20/20         EV: 13    Int: 21    God:    Kikubaaqudgha [**....]
Gold: 1585          SH:  0    Dex: 13    Spells: 10/22 levels left

rFire   . . .      SeeInvis .   r - +4 flail (protect)
rCold   + . .      Faith    .   (no shield)
rNeg    . . .      Spirit   .   J - +2 robe {Archmagi}
rPois   .          Reflect  .   (helmet restricted)
rElec   .          Harm     .   t - +0 cloak
rCorr   .          Rampage  .   l - +0 pair of gloves
Will    .....      Archmagi +   K - +0 pair of boots
Stlth   +++.......              (no amulet)
HPRegen 0.21/turn               k - +6 ring of strength
MPRegen 0.34/turn               I - ring of protection from cold

@: animating dead, heavily drained
A: antennae 2, rugged brown scales 1, powered by death 2, magic regeneration
a: Renounce Religion, Unearth Wretches


You were on level 9 of the Dungeon.
You worshipped Kikubaaqudgha.
Kikubaaqudgha was pleased with you.
You visited 1 branch of the dungeon, and saw 9 of its levels.
You also visited: Sewer and Bailey.

You collected 1585 gold pieces.

Inventory:

Hand Weapons
 r - a +4 flail of protection (weapon)
Missiles
 B - 4 javelins
 E - 6 boomerangs (quivered)
Armour
 l - a +0 pair of gloves (worn)
 t - a +0 cloak (worn)
 J - a +2 robe of the Archmagi (worn)
 K - a +0 pair of boots (worn)
Magical Staves
 H - a staff of earth
Jewellery
 k - a +6 ring of strength (left hand)
 m - a ring of flight
 I - a ring of protection from cold (right hand)
Scrolls
 a - a scroll of noise {unknown}
 e - a scroll of poison
 f - 3 scrolls of immolation
 g - 5 scrolls of teleportation
 i - 5 scrolls of fog
 n - 3 scrolls of magic mapping
 o - 2 scrolls of fear
 q - a scroll of blinking
 x - a scroll of amnesia {unknown}
 y - a scroll of enchant armour
 A - a scroll of enchant weapon {unknown}
 G - a scroll of summoning {unknown}
 L - a scroll of silence {unknown}
Potions
 b - a potion of magic
 c - 4 potions of curing {unknown}
 d - 4 potions of might {unknown}
 h - 3 potions of attraction {unknown}
 j - 4 potions of haste {unknown}
 p - a potion of flight {unknown}
 s - 4 potions of degeneration {unknown}
 u - 4 potions of heal wounds {unknown}
 v - 2 potions of cancellation {unknown}
 w - 3 potions of mutation {unknown}
 z - 3 potions of invisibility
 C - 3 potions of lignification {unknown}
 D - a potion of berserk rage {unknown}
 F - a potion of resistance {unknown}


   Skills:
 + Level 7.3 Fighting
 - Level 5.0 Dodging
 - Level 5.0 Stealth
 + Level 6.8 Spellcasting
 + Level 4.3 Hexes
 + Level 9.1 Necromancy


You had 10 spell levels left.
You knew the following spells:

 Your Spells              Type           Power      Damage    Failure   Level
a - Necrotise             Necr           100%       1d9       1%          1
b - Vampiric Draining     Necr           62%        2d10      1%          3
c - Animate Dead          Necr           62%        N/A       2%          4
d - Anguish               Hex/Necr       26%        N/A       5%          4

Your spell library contained the following spells:

 Spells                   Type           Power      Damage    Failure   Level
 Slow                     Hex            100%       N/A       1%          1
 Confusing Touch          Hex            38%        N/A       4%          3
 Agony                    Necr           62%        N/A       6%          5
 Blink                    Tloc           20%        N/A       14%         2
 Lesser Beckoning         Tloc           10%        N/A       26%         3
 Petrify                  Tmut/Erth      10%        N/A       65%         4
 Metabolic Englaciation   Hex/Ice        12%        N/A       71%         5
 Summon Mana Viper        Hex/Summ       24%        N/A       71%         5
 Manifold Assault         Tloc           10%        N/A       94%         5
 Summon Forest            Summ/Tloc      5%         N/A       94%         5
 Statue Form              Tmut/Erth      6%         N/A       100%        6
 Summon Cactus Giant      Summ           5%         N/A       100%        6


Dungeon Overview and Level Annotations

Branches:
Dungeon (9/15)             Temple (0/1) D:7           Sewer (visited)
 Bailey (visited)
   Lair: D:8-11         Orc: D:9-12

Altars:
Kikubaaqudgha
Qazlal

Annotations:
D:4 1 runed translucent door, Sanktem7's ghost, amateur MiFi


Innate Abilities, Weirdness & Mutations

You have a pair of antennae on your head.
You are partially covered in rugged brown scales. (AC +1, +3% HP)
You regenerate health from kills.
You regenerate magic rapidly.


Message History

You feel drained. The orc hits you but does no damage. The orc misses you.
Your orc zombie hits the orc.
Unknown command.
You bump into the rock wall.
The orc closely misses you. The orc hits you with a +0 flail!
Something hits you but does no damage.
You feel drained.
Your orc zombie closely misses the orc.
Unknown command.
The orc attacks as you move away! The orc closely misses you.
You miss something. The orc closely misses you.
Your orc zombie closely misses the orc.
Your orc zombie hits the orc but does no damage.
You bump into the rock wall.
Something hits you but does no damage.
You feel drained.
Unknown command.
You bump into the rock wall.
Your orc zombie hits the orc.
Something hits you but does no damage.
You feel drained.
Unknown command.
You're too confused to move!
Your orc zombie hits the orc but does no damage.
Something hits you.
You feel drained. The troll bites you! The troll claws you.
The troll barely misses you.
Unknown command.
You bump into the rock wall.
You feel less confused. The troll misses you. The troll closely misses you.
The troll claws you but does no damage.
Your orc zombie hits the orc.
Something hits you.
You feel drained. The troll attacks as you move away!
The troll closely misses you. The troll claws you! The troll claws you.
Something hits you but does no damage.
You feel drained. The troll attacks as you move away! The troll misses you.
The troll closely misses you. The troll claws you.
A magic dart appears from out of thin air!
The magic dart hits you.
* * * LOW HITPOINT WARNING * * *
The troll attacks as you move away! The troll bites you!
* * * LOW HITPOINT WARNING * * *
The troll misses you. The troll claws you!
You die...
Kikubaaqudgha rasps: "You have failed me!
Welcome... death!"

#..# ####..##
##.#....# {
#...<...##
#........#
#........##
###.......#
##......##
#.@.....#
#.T####.#
##{.## ..#
##oo.###.##
#....Z)...#
#.....#.....#
##...##........
##.###.##.....
## ..# .##..


You could see a troll, 2 orcs and a friendly orc zombie.

Vanquished Creatures
  An orc warlord (Bailey)
  Sigmund (D:6)
  A steam dragon (D:8)
  3 water moccasins (D:7)
  4 orc warriors (Bailey)
  An ice beast (D:6)
  A sky beast (D:7)
  2 ogres
  A black bear (D:6)
  A centaur (D:7)
  A phantom (D:5)
  A kobold brigand (D:8)
  5 bullfrogs
  A gnoll sergeant (D:7)
  A scorpion (D:7)
  8 killer bees (D:8)
  A jelly (D:4)
  2 hounds (D:5)
  2 orc priests
  An iguana (D:6)
  8 orc wizards
  14 gnolls
  A river rat (Sewer)
  9 adders
  2 shadow imps (D:6)
  2 white imps (D:6)
  4 ufetubi
  2 worms
  2 dart slugs
  34 orcs
  4 bats
  8 endoplasms
  2 giant cockroaches
  7 goblins
  5 hobgoblins
  3 quokkas
  16 ball pythons
  10 kobolds
  22 rats
194 creatures vanquished.

Vanquished Creatures (collateral kills)
  A wyvern (D:6)
  A killer bee (D:8)
  2 orcs
  An endoplasm (D:2)
  4 ball pythons
  2 frilled lizards (Sewer)
  5 kobolds
  6 rats
22 creatures vanquished.

Vanquished Creatures (others)
  A troll (D:5)
  A necrophage (D:8)
  4 wights (D:8)
  4 killer bee zombies (D:8)
  2 ball python zombies (Sewer)
  2 gnoll zombies (D:5)
  2 goblin zombies (Bailey)
  A hobgoblin zombie (Bailey)
  4 kobold zombies (D:8)
  5 orc zombies
  2 demonic plants (D:6)
28 creatures vanquished.

Grand Total: 244 creatures vanquished

Notes
Turn   | Place    | Note
-------+----------+-------------------------------------------
     0 | D:1      | mathmaestro the Demonspawn Necromancer began the quest for
                  | the Orb.
     0 | D:1      | Reached XP level 1. HP: 13/13 MP: 3/3
   315 | D:1      | Gained mutation: You are partially covered in rugged brown
                  | scales. (AC +1, +3% HP) [demonic ancestry]
   315 | D:1      | Reached XP level 2. HP: 14/20 MP: 3/5
  1196 | D:2      | Reached skill level 1 in Fighting
  1196 | D:2      | Reached XP level 3. HP: 26/26 MP: 0/6
  1256 | D:2      | Learned a level 3 spell: Vampiric Draining
  1589 | D:2      | Gained mutation: You have a pair of small antennae on your
                  | head. [demonic ancestry]
  1589 | D:2      | Reached XP level 4. HP: 32/32 MP: 2/7
  1915 | D:2      | Learned a level 4 spell: Animate Dead
  1968 | D:3      | Found a glowing drain.
  1988 | D:3      | Found a faded altar of an unknown god.
  2017 | Sewer    | Entered a sewer
  2311 | Sewer    | Reached skill level 5 in Necromancy
  2311 | Sewer    | Reached XP level 5. HP: 25/39 MP: 0/9
  2514 | Sewer    | Gained mutation: You regenerate magic rapidly. [demonic
                  | ancestry]
  2514 | Sewer    | Reached XP level 6. HP: 26/46 MP: 1/10
  3371 | D:4      | Found an ancient bone altar of Kikubaaqudgha.
  3380 | D:4      | Became a worshipper of Kikubaaqudgha
  3492 | D:4      | Found a runed translucent door.
  4411 | D:4      | Noticed Sanktem7's ghost (amateur MiFi)
  4437 | D:5      | Entered Level 5 of the Dungeon
  4464 | D:5      | You are sucked into a shaft and drop 2 floors!
  4468 | D:7      | Found a staircase to the Ecumenical Temple.
  4506 | D:7      | Found a flagged portal.
  4507 | D:7      | Noticed a sky beast
  4522 | D:7      | Killed a sky beast
  4523 | D:7      | Gained mutation: You regenerate a little health from kills.
                  | [demonic ancestry]
  4523 | D:7      | Reached XP level 7. HP: 30/53 MP: 4/12
  4527 | Bailey   | Entered a bailey
  4568 | Bailey   | Noticed an orc warlord
  4712 | Bailey   | HP: 2/53 [something (1)]
  5272 | Bailey   | Found a runed translucent gate.
  5272 | Bailey   | Found a runed translucent gate.
  5272 | Bailey   | Found a runed translucent gate.
  5288 | Bailey   | Reached skill level 6 in Necromancy
  5741 | Bailey   | Reached XP level 8. HP: 37/61 MP: 0/14
  6049 | Bailey   | Killed an orc warlord
  6050 | Bailey   | Reached skill level 5 in Fighting
  6050 | Bailey   | Reached skill level 5 in Dodging
  6050 | Bailey   | Reached skill level 5 in Stealth
  6050 | Bailey   | Reached skill level 5 in Spellcasting
  6050 | Bailey   | Reached skill level 7 in Necromancy
  6313 | Bailey   | Acquired 1027 gold pieces
  6357 | D:6      | Noticed Sigmund
  6408 | D:7      | Gained mutation: You regenerate health from kills. [demonic
                  | ancestry]
  6408 | D:7      | Reached XP level 9. HP: 55/70 MP: 8/16
  6643 | D:7      | Reached * piety under Kikubaaqudgha
  6643 | D:7      | Received a gift from Kikubaaqudgha
  6649 | D:7      | Learned a level 4 spell: Anguish
  6882 | D:6      | Reached skill level 1 in Hexes
  6975 | D:6      | Killed Sigmund
  6976 | D:6      | Reached skill level 8 in Necromancy
  7479 | D:5      | Noticed a troll
  7542 | D:5      | Killed a troll
  8350 | D:6      | Reached ** piety under Kikubaaqudgha
  8921 | D:7      | Found a stormy altar of Qazlal.
  9278 | D:8      | Gained mutation: You have a pair of antennae on your head.
                  | [demonic ancestry]
  9278 | D:8      | Reached XP level 10. HP: 71/81 MP: 16/19
  9750 | D:8      | Reached skill level 9 in Necromancy
 10136 | D:9      | Slain by a troll

Illustrated notes

Levels and vault maps discovered:
D:1:      shiori_shiawase, layout_loops_ring, st_stairs_7
D:2:      layout_basic, minmay_large_rounded_square
D:3:      layout_basic, portal_sewer_entry_a, hellmonk_ecumenical_altar_blasted
D:4:      layout_loops_corners, kiku_gazebo_garden_becter, ebering_ghost_sewer_d
D:5:      layout_basic
D:6:      layout_cave_pools, serial_demonic, serial_demonic_b, serial_demonic_c,
          serial_demonic_d, serial_demonic_g, uniq_sigmund
D:7:      layout_basic, lemuel_coloured_pillars_altar,
          minmay_temple_entry_mini_moons, enter_bailey_2
D:8:      layout_loops_ring
D:9:      minmay_the_grid_triangle_9x9_recursive_2_mashed
          [minmay_the_grid_triangle_9x9_prize_top_heavy,
          minmay_the_grid_triangle_9x9_limited_checkers,
          minmay_the_grid_triangle_9x9_corruption,
          minmay_the_grid_triangle_9x9_dagger], layout_cave_pools,
          zombieorc1_lemuel, minmay_protected_statue

Skill      XL: |  1  2  3  4  5  6  7  8  9 10 |
---------------+-------------------------------+-----
Dodging        | 2 3 4 5 |  5.0
Stealth        | 2 3 4 5 |  5.0
Fighting       | 1 2 3 5 7 |  7.3
Necromancy     | 5 6 7 8 9 |  9.1
Spellcasting   | 3 4 5 6 |  6.8
Hexes          | 3 4 |  4.3

Action                   |  1- 3 |  4- 6 |  7- 9 | 10-12 || total
-------------------------+-------+-------+-------+-------++-------
Melee: Whip              |     6 |       |       |       ||     6
       Flail             |       |    65 |   208 |    77 ||   350
       Punch             |       |       |     2 |       ||     2
Throw: Boomerang         |       |       |    70 |       ||    70
 Cast: Necrotise         |    50 |    70 |   175 |     2 ||   297
       Animate Dead      |       |     2 |     3 |     3 ||     8
       Vampiric Draining |       |     7 |    32 |     8 ||    47
       Anguish           |       |       |     2 |     6 ||     8
  Use: Scroll            |       |     7 |     4 |       ||    11
 Stab: Sleeping          |     1 |     5 |     1 |       ||     7
       Distracted        |       |     1 |     1 |       ||     2
Armor: Robe              |     1 |    41 |   153 |    55 ||   250
Dodge: Dodged            |    11 |    67 |   263 |    79 ||   420
